[Event "*** Titled Tuesday Blitz"]
[Site "Chess.com"]
[Date "2019.08.06"]
[Round "5"]
[White "Blitzking642"]
[Black "Chigorinetz"]
[Result "0-1"]
[WhiteElo "2391"]
[BlackElo "2620"]
[TimeControl "180+2"]
[EndTime "14:00:58 PDT"]
[Termination "Chigorinetz won by resignation"]

1. d4 d5 2. c4 Nc6 3. cxd5 Qxd5 4. Nf3 e5 5. Nc3 Bb4 6. e3 exd4 7. exd4 Bg4 8. Be2 Bxf3 9. Bxf3 Qc4 10. Bxc6+ bxc6 11. Qe2+ Qxe2+ 12. Kxe2 O-O-O 13. a3 Ba5 14. Be3 Ne7 15. Rhd1 Rhe8 16. Rac1 Rd6 17. Ne4 Rg6 18. g3 Bb6 19.
Nc5 Nf5 20. Rc3 h5 21. h4 Rg4 22. Kf3 Rd8 23. Rcd3 Rd5 24. b4 f6 25. Ne4 Nxe3 26.
fxe3 Rf5+ 0-1

[Event "*** Titled Tuesday Blitz"]
[Site "Chess.com"]
[Date "2019.08.06"]
[Round "5"]
[White "ahachess"]
[Black "TijanaBlagojevic"]
[Result "1/2-1/2"]
[WhiteElo "2325"]
[BlackElo "2305"]
[TimeControl "180+2"]
[EndTime "14:01:02 PDT"]
[Termination "Game drawn by repetition"]

1. d4 d5 2. c4 c6 3. cxd5 cxd5 4.
Nc3 Nf6 5. Bf4 Nc6 6. Rc1 a6 7.
Nf3 Ne4 8. e3 Nxc3 9. bxc3 e6 10.
Bd3 Ba3 11. Rb1 Bd6 12. Bxd6 Qxd6 13. O-O O-O 14. Bxh7+ Kxh7 15. Ng5+ Kg6 16. Qg4 f5 17. Qh4 Bd7 18. Qh7+ Kf6 19. Qh4 Kg6 20. Qh7+ Kf6 21.
Qh4 Kg6 1/2-1/2

[Event "*** Titled Tuesday Blitz"]
[Site "Chess.com"]
[Date "2019.08.06"]
[Round "5"]
[White "KazakhFighter04"]
[Black "Amirreza_p"]
[Result "1-0"]
[WhiteElo "2749"]
[BlackElo "2825"]
[TimeControl "180+2"]
[EndTime "14:01:15 PDT"]
[Termination "KazakhFighter04 won by resignation"]

1. e4 e6 2. d4 d5 3. Bd3 dxe4 4. Bxe4 Nf6 5. Bf3 c5 6. Ne2 Nc6 7. Be3 cxd4 8. Nxd4 Ne5 9. Be2 a6 10. O-O Bd6 11. h3 O-O 12. a4 Qc7 13. Nc3 Rd8 14.
Qc1 Nc4 15. Bxc4 Qxc4 16. Rd1 e5 17. Nb3 Bf5 18. a5 Bb4 19. Ra4 Rxd1+ 20. Qxd1 Bd7 21. Nd2 Qh4 22. Nf3 Bxa4 23. Nxh4 Bc6 24. Nf5 g6 25. Bg5 Nd7 26. Ne7+ Bxe7 27. Bxe7 Re8 28. Bg5 Nf8 29. Nd5 Bxd5 30. Qxd5 1-0

[Event "*** Titled Tuesday Blitz"]
[Site "Chess.com"]
[Date "2019.08.06"]
[Round "5"]
[White "LuckyTiger"]
[Black "HansCoolNiemann"]
[Result "1-0"]
[WhiteElo "2678"]
[BlackElo "2693"]
[TimeControl "180+2"]
[EndTime "14:01:16 PDT"]
[Termination "LuckyTiger won by resignation"]

1. e4 c5 2. c3 d5 3. exd5 Qxd5 4.
d4 Nc6 5. Nf3 Nf6 6. Be3 cxd4 7.
cxd4 e6 8. Nc3 Bb4 9. Bd3 O-O 10. O-O Qh5 11. Be2 Qa5 12. Bd2 Rd8 13. a3 Bxc3 14. Bxc3 Qc7 15. Bd3 Nd5 16. Re1 b6 17. Bd2 Bb7 18. Qe2 Nce7 19. Ne5 Nf6 20. Rac1 Qd6 21. Bc4 Ned5 22. Ba2 Rac8 23. h3 h6 24. Qd3 Rxc1 25.
Rxc1 Rc8 26. Rd1 a5 27. Bb1 Ne7 28. Bxh6 gxh6 29. Qg3+ Kf8 30. Ng6+ 1-0

[Event "*** Titled Tuesday Blitz"]
[Site "Chess.com"]
[Date "2019.08.06"]
[Round "5"]
[White "OparinGrigoriy"]
[Black "kinga2008"]
[Result "1-0"]
[WhiteElo "2979"]
[BlackElo "1931"]
[TimeControl "180+2"]
[EndTime "14:01:21 PDT"]
[Termination "OparinGrigoriy won by resignation"]

1. Nf3 d5 2. g3 c5 3. Bg2 Nc6 4. O-O e5 5. c4 d4 6. e3 e4 7. Ne1 dxe3 8. fxe3 Nf6 9. Nc3 Bg4 10. Qb3 Qe7 11.
Rxf6 gxf6 12. Nxe4 Bg7 13. Nc3 O-O 14. Nd5 Qd6 15.
Nd3 Be2 16. N3f4 Na5 17. Qc3 Bxc4 18. Qxa5 b6 19. Qc3 Bxd5 20. Nxd5 f5 21. Qc2 Rad8 22.
Qxf5 Qe6 23. Qf3 Rd7 24. Nf4 Qf6 25. Nh5 Qxf3 26. Bxf3 Rfd8 27. Nxg7 Kxg7 28. Kf2 Kf6 29. Ke2 Ke5 30. b3 Kf5 31. a4 a5 32. Ra2 Rd3 33.
Rb2 Ke5 34. Rb1 f5 35. Bb2+ Ke6 36. Bc3 R3d6 37. Rf1 Rc8 38. Bg2 c4 39. Bh3 cxb3 40. Bxf5+ 1-0

[Event "*** Titled Tuesday Blitz"]
[Site "Chess.com"]
[Date "2019.08.06"]
[Round "5"]
[White "Pechen_Yeltsina"]
[Black "WarlordX"]
[Result "1-0"]
[WhiteElo "2667"]
[BlackElo "2523"]
[TimeControl "180+2"]
[EndTime "14:01:27 PDT"]
[Termination "Pechen_Yeltsina won by resignation"]

1. e4 c5 2. Nf3 d6 3. g3 Nf6 4. d3 g6 5. Bg2 Bg7 6. O-O O-O 7. Re1 Nc6 8. c3 Rb8 9. h3 b5 10. d4 Qc7 11. dxc5 dxc5 12. Bf4 e5 13. Bg5 h6 14. Bxf6 Bxf6 15. Nbd2 Rd8 16. Qc2 Be6 17. Nf1 b4 18.
Ne3 Bg7 19. Bf1 Na5 20. cxb4 Rxb4 21. a3 Bb3 22. Qc3 Rbb8 23. Rac1 Rdc8 24. Nd2 Be6 25. b4 Nb7 26. Nb3 Qd7 27. Nxc5 Nxc5 28. bxc5 Bxh3 29. Bxh3 Qxh3 30. Nd5 Kh7 31. c6 Qe6 32. c7 Rb7 33.
Qc6 Rb3 34. Qxe6 fxe6 35. Ne7 1-0

[Event "*** Titled Tuesday Blitz"]
[Site "Chess.com"]
[Date "2019.08.06"]
[Round "5"]
[White "ALEXJR20"]
[Black "icychess54"]
[Result "0-1"]
[WhiteElo "2175"]
[BlackElo "2096"]
[TimeControl "180+2"]
[EndTime "14:01:32 PDT"]
[Termination "icychess54 won by resignation"]

1. c4 c5 2. Nc3 e6 3. Nf3 Nf6 4.
d4 d5 5. cxd5 cxd4 6. Nxd4 Nxd5 7. e4 Nxc3 8. bxc3 Be7 9. Bb5+ Bd7 10. Bxd7+ Qxd7 11. Qg4 O-O 12. Bh6 Bf6 13. O-O Nc6 14.
Nxc6 Qxc6 15. f4 Bxc3 16. e5 g6 17. Rac1 Rfc8 18. Rxc3 Qxc3 19. Qh4 Qe3+ 20. Kh1 Rc1 21. h3 Rxf1+ 22. Kh2 Qg1+ 23. Kg3 0-1

[Event "*** Titled Tuesday Blitz"]
[Site "Chess.com"]
[Date "2019.08.06"]
[Round "5"]
[White "Spring199"]
[Black "nitpicker"]
[Result "1-0"]
[WhiteElo "2215"]
[BlackElo "2231"]
[TimeControl "180+2"]
[EndTime "14:01:32 PDT"]
[Termination "Spring199 won by resignation"]

1. d4 Nf6 2. c4 e6 3. Nf3 b6 4. g3 Ba6 5. Nbd2 b5 6. b3 bxc4 7. bxc4 c5 8. Bg2 Bb7 9. Rb1 Bc6 10. O-O cxd4 11. Nxd4 Bxg2 12. Kxg2 Be7 13. e4 Qc7 14. Qf3 Nc6 15. e5 Ng8 16. Ne4 Rc8 17. Nb5 Qxe5 18. Bb2 Qf5 19. Ned6+ 1-0

[Event "*** Titled Tuesday Blitz"]
[Site "Chess.com"]
[Date "2019.08.06"]
[Round "5"]
[White "Atakishiyev04"]
[Black "Drags95"]
[Result "1-0"]
[WhiteElo "2628"]
[BlackElo "2826"]
[TimeControl "180+2"]
[EndTime "14:01:40 PDT"]
[Termination "Atakishiyev04 won by resignation"]

1. e4 c5 2. Nf3 e6 3. d4 cxd4 4. Nxd4 Nc6 5. Nc3 Qc7 6. a3 a6 7. g4 b5 8. Be3 Bb7 9. Qd2 Nxd4 10. Bxd4 Ne7 11. O-O-O Nc6 12. Bb6 Qc8 13. h4 b4 14. axb4 Bxb4 15. h5 Ne5 16. Rh3 d6 17. h6 g6 18. g5 a5 19. Qd4 Bc5 20. Bb5+ Ke7 21. Qd2 Bb4 22. Qd4 Bc5 23. Qd2 Bb4 24.
f4 Nc4 25. Qd4 Nxb6 26. Qf6+ Kf8 27. Qxh8+ Ke7 28. Qf6+ Kf8 29. f5 exf5 30. exf5 Qxf5 31. Qh8+ 1-0

[Event "*** Titled Tuesday Blitz"]
[Site "Chess.com"]
[Date "2019.08.06"]
[Round "5"]
[White "Etoilegeniale"]
[Black "XiaoKangZhong"]
[Result "1-0"]
[WhiteElo "2532"]
[BlackElo "2346"]
[TimeControl "180+2"]
[EndTime "14:01:41 PDT"]
[Termination "Etoilegeniale won by resignation"]

1. e4 c6 2. d4 d5 3. exd5 cxd5 4. Bd3 Nc6 5. c3 Nf6 6. Nd2 Bg4 7. Ngf3 Qc7 8. O-O e6 9. Re1 Bd6 10. h3 Bh5 11. Qe2 O-O 12. Qe3 Bf4 13. Qe2 a6 14. Nf1 Bxc1 15. Raxc1 b5 16. Ng3 Bg6 17. Bxg6 hxg6 18. Ne5 Qb6 19. h4 b4 20. h5 gxh5 21.
Nxh5 Nxh5 22. Qxh5 Nxe5 23. dxe5 Rfc8 24. Re3 bxc3 25.
Rh3 Kf8 26. Qh8+ Ke7 27. Qxg7 Rg8 28. Qf6+ Ke8 29. Rhxc3 Rd8 30. Rc7 Rd7 31. Rxd7 1-0

[Event "*** Titled Tuesday Blitz"]
[Site "Chess.com"]
[Date "2019.08.06"]
[Round "5"]
[White "Zubrrr"]
[Black "champ2005"]
[Result "0-1"]
[WhiteElo "2723"]
[BlackElo "2880"]
[TimeControl "180+2"]
[EndTime "14:01:43 PDT"]
[Termination "champ2005 won by resignation"]

1. c4 Nf6 2. g3 g6 3. Bg2 Bg7 4.
Nc3 O-O 5. d4 c5 6. Nf3 cxd4 7.
Nxd4 Nc6 8. O-O Qa5 9. Nb3 Qh5 10. e3 d6 11. Qxh5 Nxh5 12. Bd2 Be6 13. Bd5 Bh3 14. Rfd1 Nf6 15. Bf3 Rac8 16. Rac1 Ne5 17. Bxb7 Rb8 18.
Bg2 Bxg2 19. Kxg2 Nxc4 20. Rc2 Rfc8 21. Be1 e6 22. e4 Ng4 23. Re2 Rb6 24. h3 Nge5 25.
f4 Nc6 26. Bf2 Rb7 27. Rc1 Nb4 28. Rd1 Nxa2 29. Nd4 Nxb2 0-1

[Event "*** Titled Tuesday Blitz"]
[Site "Chess.com"]
[Date "2019.08.06"]
[Round "5"]
[White "Leonid_Starozhilov"]
[Black "nOcHeaTiNgKiD"]
[Result "1/2-1/2"]
[WhiteElo "2697"]
[BlackElo "2454"]
[TimeControl "180+2"]
[EndTime "14:01:43 PDT"]
[Termination "Game drawn by agreement"]

1. Nf3 Nf6 2. g3 b6 3. Bg2 Bb7 4. O-O g6 5. c4 Bg7 6. Nc3 O-O 7. Re1 Ne4 8. Nxe4 Bxe4 9. d3 Bb7 10. e4 c5 11. d4 cxd4 12. Nxd4 Nc6 13. Be3 d6 14. e5 Rc8 15. exd6 Qxd6 16. Nxc6 Bxc6 17. Qxd6 exd6 18. Bh3 Rc7 19. Bf4 Bxb2 20. Bxd6 Bxa1 21. Rxa1 Rcc8 22. Bxc8 Rxc8 23. c5 bxc5 24. Bxc5 Bd5 25. Bxa7 Ra8 26. Bd4 Rxa2 27. Rb1 Ra8 28. h4 h5 29. Kh2 Kh7 30. Be3 1/2-1/2

[Event "*** Titled Tuesday Blitz"]
[Site "Chess.com"]
[Date "2019.08.06"]
[Round "5"]
[White "gmcorrales"]
[Black "underdogchss"]
[Result "0-1"]
[WhiteElo "2712"]
[BlackElo "2524"]
[TimeControl "180+2"]
[EndTime "14:01:46 PDT"]
[Termination "underdogchss won by resignation"]

1. e4 c5 2. Nf3 d6 3. d4 cxd4 4. Nxd4 Nf6 5. Nc3 a6 6. Be3 Ng4 7. Bc1 Nf6 8. f3 e5 9. Nb3 Be7 10.
Be3 Be6 11. Qd2 O-O 12. O-O-O Nbd7 13. g4 b5 14. g5 b4 15. Nd5 Nxd5 16. exd5 Bf5 17.
Bd3 Bxd3 18. Qxd3 Bxg5 19. Rdg1 Bxe3+ 20. Qxe3 a5 21. h4 Qf6 22. Nd2 Qf4 23. Qf2 Nf6 24. h5 Ne4 25. Qg2 Qxd2+ 26. Qxd2 Nxd2 27. Kxd2 f5 28. Ra1 Rac8 29. a3 Rc5 30. axb4 axb4 31. Ra7 Rfc8 32.
Rd7 Rxd5+ 33. Ke3 Rd4 34. Rg1 f4+ 35. Ke2 Rxc2+ 36. Ke1 Rc1+ 37. Ke2 Rxg1 0-1

[Event "*** Titled Tuesday Blitz"]
[Site "Chess.com"]
[Date "2019.08.06"]
[Round "5"]
[White "HomayoonTofighi"]
[Black "FairChess_on_YouTube"]
[Result "1/2-1/2"]
[WhiteElo "2846"]
[BlackElo "3030"]
[TimeControl "180+2"]
[EndTime "14:01:50 PDT"]
[Termination "Game drawn by repetition"]

1. e4 e5 2. Nf3 Nc6 3. Bb5 Nf6 4. O-O Nxe4 5. Re1 Nd6 6. Nxe5 Be7 7. Bf1 Nf5 8. Nf3 O-O 9. d4 d5 10. c3 Re8 11. Bd3 Bd6 12. Rxe8+ Qxe8 13. Nbd2 Nce7 14.
Nf1 f6 15. Ng3 Nxg3 16. hxg3 c6 17. Qe2 Bf5 18. Bf4 Bxf4 19. gxf4 Bxd3 20. Qxd3 Qd7 21. Re1 Re8 22. Nh4 Ng6 23. Rxe8+ Qxe8 24. Nxg6 hxg6 25. Kf1 Kf7 26. Qe2 Qh8 27. Kg1 Qh4 28. g3 Qh3 29. Qe3 Qf5 30. Qc1 Qe4 31. Qd1 b5 32. a4 a6 33. axb5 axb5 34. Qa1 g5 35. fxg5 fxg5 36. Qa8 Qb1+ 37. Kg2 Qe4+ 38. Kg1 Qe1+ 39. Kg2 Qe4+ 40. Kg1 1/2-1/2

[Event "*** Titled Tuesday Blitz"]
[Site "Chess.com"]
[Date "2019.08.06"]
[Round "5"]
[White "AndrewMaco"]
[Black "MFBerna"]
[Result "1-0"]
[WhiteElo "2602"]
[BlackElo "2373"]
[TimeControl "180+2"]
[EndTime "14:01:57 PDT"]
[Termination "AndrewMaco won by resignation"]

1. e4 c6 2. d4 d5 3. e5 c5 4. dxc5 e6 5. a3 Bxc5 6. Nf3 Nc6 7. b4 Bb6 8. Bb2 Nge7 9. Bd3 Ng6 10. O-O Nf4 11. c4 Nxd3 12. Qxd3 dxc4 13. Qxc4 O-O 14. Nc3 Ne7 15. Qg4 Nf5 16. Ne4 Qe7 17. Nf6+ Kh8 18. Nxh7 Kxh7 19. Ng5+ Kg8 20. Qh5 Nh6 21. Rad1 Rd8 22. Ne4 Bd7 23. Nf6+ Kf8 24. Rd3 Bb5 25. Rg3 Qxf6 26. exf6 Bxf1 27. fxg7+ Ke8 28. Qxh6 Rd1 29. h4 Bd3+ 30. Kh2 Bxf2 31. g8=Q+ Kd7 32. Qxf7+ Kc6 33.
Qxf2 1-0

[Event "*** Titled Tuesday Blitz"]
[Site "Chess.com"]
[Date "2019.08.06"]
[Round "5"]
[White "vanea_03"]
[Black "albi1999"]
[Result "0-1"]
[WhiteElo "2642"]
[BlackElo "2489"]
[TimeControl "180+2"]
[EndTime "14:02:02 PDT"]
[Termination "albi1999 won by resignation"]

1. c4 e5 2. Nc3 Bb4 3. Nd5 Bc5 4. Nf3 e4 5. d4 Bf8 6. Nd2 c6 7. Nc3 f5 8. g3 Nf6 9. Bg2 d5 10. cxd5 cxd5 11. Nb3 Bd6 12. Bg5 Be6 13. Nc5 Bxc5 14. dxc5 d4 15. Bxf6 gxf6 16. Qa4+ Qd7 17. Qxd7+ Nxd7 18. Nb5 Nxc5 19. Nc7+ Ke7 20. Nxa8 Rxa8 21. Rc1 b6 22. Kd2 a5 23. b3 Kd6 24. Rhd1 Ke5 25. f4+ Kd5 26. Ke1 b5 27. e3 d3 28. Kd2 Kd6 29. Rc3 b4 30. Rcc1 a4 31. bxa4 Rxa4 0-1

[Event "*** Titled Tuesday Blitz"]
[Site "Chess.com"]
[Date "2019.08.06"]
[Round "5"]
[White "Chess_Boxer123"]
[Black "Annawel"]
[Result "0-1"]
[WhiteElo "2424"]
[BlackElo "2989"]
[TimeControl "180+2"]
[EndTime "14:02:04 PDT"]
[Termination "Annawel won by resignation"]

1. d4 f5 2. Nf3 g6 3. g3 Nf6 4. Bg2 Bg7 5. O-O O-O 6. c4 d6 7. Nc3 c6 8. d5 e5 9. dxe6 Bxe6 10. b3 Na6 11. Bb2 Qe7 12. Rc1 Rad8 13. Nd4 Bd7 14. Qc2 Nc5 15. Rcd1 h5 16. h4 f4 17. Qxg6 fxg3 18. Qxg3 Ng4 19. e3 Be5 20. f4 Bf6 21. e4 Bxh4 22. Qf3 Bg5 23. Nf5 Bxf5 24. exf5 Bf6 25.
Rfe1 Bd4+ 26. Rxd4 Qxe1+ 27. Bf1 Rde8 28. Ne2 Ne4 29. Rxe4 Rxe4 30. Qxe4 Qf2+ 0-1

[Event "*** Titled Tuesday Blitz"]
[Site "Chess.com"]
[Date "2019.08.06"]
[Round "5"]
[White "timator"]
[Black "gmjoey1"]
[Result "1-0"]
[WhiteElo "2406"]
[BlackElo "2542"]
[TimeControl "180+2"]
[EndTime "14:02:05 PDT"]
[Termination "timator won by checkmate"]

1. Nf3 Nf6 2. d4 e6 3. g3 b6 4.
Bg2 Bb7 5. O-O c5 6. c4 cxd4 7. Qxd4 d6 8. Nc3 a6 9. Rd1 Qc7 10. b3 Nbd7 11. Ba3 Nc5 12. Rac1 Be7 13. b4 Ncd7 14.
b5 Nc5 15. Bxc5 dxc5 16. Qe5 Rc8 17. Qxc7 Rxc7 18. Ne5 Bxg2 19. Kxg2 a5 20. Nc6 Nd7 21. Rd3 Rc8 22. Na4 h5 23. Rxd7 Kxd7 24. Nxb6+ Kc7 25. Nxc8 Bf6 26. N8a7 h4 27. Rd1 h3+ 28. Kf3 g5 29. e4 a4 30. e5 Bg7 31. b6+ Kxb6 32. Rd6 Kc7 33. Nb5+ Kb6 34. Nb4+ Ka5 35. Nd3 Rg8 36. Nc7 g4+ 37. Ke2 Ra8 38. Nxa8 Bxe5 39. Nxe5 Kb4 40. Nb6 Ka3 41. Nd3 Kxa2 42. Nxa4 e5 43. Ndxc5 f5 44. Kd2 Ka3 45. Kc3 f4 46. Nb2 fxg3 47. Ra6# 1-0

[Event "*** Titled Tuesday Blitz"]
[Site "Chess.com"]
[Date "2019.08.06"]
[Round "5"]
[White "maciek_92"]
[Black "ClockworkKubrick"]
[Result "1-0"]
[WhiteElo "2748"]
[BlackElo "2176"]
[TimeControl "180+2"]
[EndTime "14:02:14 PDT"]
[Termination "maciek_92 won by resignation"]

1. e4 d6 2. d4 Nf6 3. Nc3 g6 4. f3 Bg7 5. Be3 O-O 6. Qd2 c6 7. h4 h5 8. Nh3 Bxh3 9. Rxh3 b5 10. a4 b4 11. Ne2 a5 12. Bh6 Nbd7 13. O-O-O c5 14. Ng3 cxd4 15. Nf5 Bh8 16. Rg3 Ne5 17. Bxf8 Qxf8 18. Nxd4 Rc8 19. Kb1 Nc4 20. Bxc4 Rxc4 21.
Nb3 Qd8 22. e5 Nd7 23. exd6 Nb6 24. dxe7 Qxe7 25. Qd8+ Qxd8 26. Rxd8+ Kh7 27. Nxa5 Rf4 28. b3 Rf5 29. Nc6 Nd5 30. Rg5 Nc3+ 31. Ka1 Rf4 32. Rxh8+ Kxh8 33. a5 Rxh4 34. Kb2 Nd1+ 35. Kc1 Rh1 36. Kd2 Nc3 37. Nxb4 Nb1+ 38. Kd3 Rd1+ 39. Kc4 Na3+ 40. Kc5 Rc1 41. c4 Rc3 42. a6 Rxb3 43. a7 Nc2 44. a8=Q+ Kg7 45. Nxc2 1-0

[Event "*** Titled Tuesday Blitz"]
[Site "Chess.com"]
[Date "2019.08.06"]
[Round "5"]
[White "RandomOracle"]
[Black "Nathan_Filgueiras"]
[Result "0-1"]
[WhiteElo "2190"]
[BlackElo "2224"]
[TimeControl "180+2"]
[EndTime "14:02:23 PDT"]
[Termination "Nathan_Filgueiras won on time"]

1. d4 Nf6 2. c4 e6 3. g3 d5 4. Nf3 dxc4 5. Bg2 a6 6. Ne5 Bb4+ 7. Nc3 O-O 8. Nxc4 c5 9. Be3 Nd5 10. dxc5 Nxc3 11. Qb3 Nd5+ 12. Kf1 Nxe3+ 13. Qxe3 Nc6 14.
a3 Ba5 15. b4 Bc7 16. f4 Qd4 17. Bxc6 Qxe3 18. Nxe3 bxc6 19. Nc4 f6 20. Kf2 e5 0-1

[Event "*** Titled Tuesday Blitz"]
[Site "Chess.com"]
[Date "2019.08.06"]
[Round "5"]
[White "Mops_2004"]
[Black "rekosheten"]
[Result "0-1"]
[WhiteElo "2498"]
[BlackElo "2375"]
[TimeControl "180+2"]
[EndTime "14:02:28 PDT"]
[Termination "rekosheten won by checkmate"]

1. Nf3 Nf6 2. g3 d5 3. Bg2 Bf5 4. O-O e6 5. c4 c6 6. Qb3 Qb6 7. d3 Nbd7 8. cxd5 exd5 9. Qc2 Be7 10. Nc3 O-O 11. e4 dxe4 12. dxe4 Bg6 13. Nh4 Bh5 14. Nf5 Rfe8 15. Nxe7+ Rxe7 16. Kh1 Nc5 17. f4 Nfxe4 18. Nxe4 Nxe4 19. Bxe4 Rae8 20. Bxh7+ Kh8 21. Bd2 Qd4 22. Rae1 Rxe1 23. Rxe1 Bf3# 0-1

[Event "*** Titled Tuesday Blitz"]
[Site "Chess.com"]
[Date "2019.08.06"]
[Round "5"]
[White "SaraciNderim"]
[Black "darsen_sanzhaev"]
[Result "1-0"]
[WhiteElo "2825"]
[BlackElo "2604"]
[TimeControl "180+2"]
[EndTime "14:02:29 PDT"]
[Termination "SaraciNderim won by resignation"]

1. d4 Nf6 2. Nf3 e6 3. g3 b5 4.
Bg2 Bb7 5. O-O Be7 6. b3 c5 7.
dxc5 Bxc5 8. Bb2 O-O 9. Nbd2 d6 10. c4 a6 11. a3 Nbd7 12. b4 Ba7 13. e3 Nb6 14. Rc1 Rc8 15. Qe2 bxc4 16. Nxc4 Nxc4 17. Rxc4 Rxc4 18. Qxc4 Ne4 19. Rd1 Qe7 20. Qd3 Rc8 21. Nd2 Nxd2 22. Rxd2 Bxg2 23. Kxg2 Qb7+ 24. e4 h6 25. Qf3 Qc6 26. h4 Bb6 27. h5 a5 28.
Qg4 e5 29. Rxd6 Qxd6 30. Qxc8+ Kh7 31. Qf5+ Kg8 32. Bxe5 Qc6 33. bxa5 Ba7 34. Qg4 f6 35. Bf4 Qc5 36. Be3 Qxa5 37. Qc8+ Kh7 38. Qf5+ Qxf5 39. exf5 Bb8 40. Bb6 1-0

[Event "*** Titled Tuesday Blitz"]
[Site "Chess.com"]
[Date "2019.08.06"]
[Round "5"]
[White "warmoatmeal"]
[Black "PNEPaul"]
[Result "1-0"]
[WhiteElo "2049"]
[BlackElo "1752"]
[TimeControl "180+2"]
[EndTime "14:02:29 PDT"]
[Termination "warmoatmeal won by checkmate"]

1. d4 c5 2. c3 e6 3. Bf4 d5 4. e3 Nc6 5. Nf3 Nf6 6. Nbd2 Be7 7.
Bd3 h6 8. Ne5 Nxe5 9. Bxe5 c4 10.
Bc2 Bd7 11. e4 dxe4 12. Nxe4 Nd5 13. O-O Bc6 14. Bxg7 Rg8 15. Bxh6 Qc7 16. Ba4 O-O-O 17. Bxc6 Qxc6 18. Qe2 Rh8 19. Bd2 Qc7 20. Ng3 f5 21. Qxe6+ Kb8 22. Qe5 Bd6 23. Qxf5 Nf4 24. Bxf4 Bxf4 25.
Rae1 Rdf8 26. Qc5 Qh7 27. h3 Rfg8 28. Re7 Qg6 29. Qf5 Qd6 30. Rd7 Qh6 31. Re1 a6 32. Ree7 Bxg3 33. Rxb7+ Ka8 34. Ra7+ Kb8 35. Reb7# 1-0

[Event "*** Titled Tuesday Blitz"]
[Site "Chess.com"]
[Date "2019.08.06"]
[Round "5"]
[White "Caisachess"]
[Black "ChessFunMaker"]
[Result "1-0"]
[WhiteElo "2307"]
[BlackElo "2221"]
[TimeControl "180+2"]
[EndTime "14:02:31 PDT"]
[Termination "Caisachess won by resignation"]

1. e4 e5 2. Nf3 Nc6 3. Bc4 Bc5 4. d3 Nf6 5. c3 O-O 6. Bb3 d5 7. Nbd2 a5 8. a4 h6 9. h3 Be6 10. O-O Bb6 11. Re1 dxe4 12. dxe4 Bxb3 13. Qxb3 Nh5 14.
Nc4 Bc5 15. Ncxe5 Nxe5 16. Nxe5 Bxf2+ 17. Kxf2 Qh4+ 18. Kf1 Ra6 19. Nf3 Rf6 20. c4 Qg3 21. Qe3 g5 22. Qf2 Qd6 23. e5 Qd3+ 24. Kg1 Rc6 25. c5 Rd8 26. Be3 Ng7 27. Qe2 Qb3 28. Rad1 Rxd1 29. Qxd1 Nf5 30. Qxb3 1-0

[Event "*** Titled Tuesday Blitz"]
[Site "Chess.com"]
[Date "2019.08.06"]
[Round "5"]
[White "hurricane7791"]
[Black "nocnypako"]
[Result "1-0"]
[WhiteElo "2721"]
[BlackElo "2582"]
[TimeControl "180+2"]
[EndTime "14:02:32 PDT"]
[Termination "hurricane7791 won on time"]

1. d4 d5 2. c4 c6 3. Nf3 Nf6 4. Nc3 e6 5. e3 Nbd7 6. Qc2 Bd6 7. Bd3 O-O 8. O-O h6 9. e4 dxe4 10. Nxe4 Nxe4 11. Bxe4 c5 12. Rd1 Qe7 13. b4 cxb4 14. c5 Bc7 15. a3 Nf6 16. axb4 Nxe4 17. Qxe4 Qd7 18. Bf4 Bxf4 19. Qxf4 Qb5 20. Rdb1 a5 21. bxa5 Rxa5 22. h4 Rxa1 23. Rxa1 b6 24. Rc1 Bb7 25.
Ne5 bxc5 26. dxc5 f6 27. Ng6 Re8 28. Qg3 Qc6 29. Nf4 e5 30. Nh5 Re7 31. Rd1 Kh7 32.
Rd8 f5 33. Kh2 Qg6 34. Rh8+ 1-0

[Event "*** Titled Tuesday Blitz"]
[Site "Chess.com"]
[Date "2019.08.06"]
[Round "5"]
[White "norwaytoadog"]
[Black "smshk35"]
[Result "0-1"]
[WhiteElo "2248"]
[BlackElo "2344"]
[TimeControl "180+2"]
[EndTime "14:02:42 PDT"]
[Termination "smshk35 won by resignation"]

1. e4 c5 2. Nf3 Nc6 3. Bb5 Nf6 4. Nc3 Qc7 5. O-O a6 6. Bxc6 dxc6 7. d3 e5 8. h3 h6 9. Be3 g5 10. Nd2 Be6 11.
a4 a5 12. b3 Bd6 13. Nc4 O-O-O 14. Qe1 Rdg8 15. Ne2 b6 16. b4 cxb4 17. Bxb6 Qd7 18.
Bxa5 Bxc4 19. dxc4 c5 20. c3 h5 21. cxb4 h4 22. Kh2 g4 23. Ra3 Nxe4 24. Re3 Ng5 25.
Qd2 gxh3 26. gxh3 e4+ 27. Kh1 Nf3 28. Rxf3 exf3 29. Nf4 Bxf4 30. Qxf4 Qxh3+ 31. Qh2 Qxf1+ 0-1

[Event "*** Titled Tuesday Blitz"]
[Site "Chess.com"]
[Date "2019.08.06"]
[Round "5"]
[White "chickencrossroad"]
[Black "KacperPolOK"]
[Result "0-1"]
[WhiteElo "2476"]
[BlackElo "2428"]
[TimeControl "180+2"]
[EndTime "14:02:42 PDT"]
[Termination "KacperPolOK won by checkmate"]

1. d4 e6 2. c4 f5 3. g3 Nf6 4.
Bg2 d5 5. Nf3 c6 6. Qc2 Bd6 7. Bf4 Bxf4 8. gxf4 O-O 9. Nbd2 Ne4 10. e3 Bd7 11. Nxe4 fxe4 12. Ne5 Be8 13. O-O Nd7 14. Nxd7 Qxd7 15. f3 exf3 16. Rxf3 Bg6 17. Qc3 Be4 18. Rg3 Bxg2 19. Rxg2 b5 20. b3 bxc4 21.
bxc4 Rab8 22. Rc1 Rb6 23. Rb2 Rfb8 24. Rcc2 Rxb2 25. Rxb2 Rxb2 26. Qxb2 dxc4 27. Qb4 Qd5 28. Qb8+ Kf7 29. Qxa7+ Kg6 30. Qa3 Qe4 31. Kf2 Qc2+ 32.
Kg3 c3 33. Qc5 h6 34. Qxc6 Kh7 35. Qxe6 Qg6+ 36. Qxg6+ Kxg6 37. d5 c2 38. e4 c1=Q 39.
d6 Qc3+ 40. Kg4 h5+ 41. Kh4 Qf3 42. f5+ Kh6 43. h3 Qf4# 0-1

[Event "*** Titled Tuesday Blitz"]
[Site "Chess.com"]
[Date "2019.08.06"]
[Round "5"]
[White "vlad_Sid"]
[Black "johnathan113"]
[Result "1-0"]
[WhiteElo "2592"]
[BlackElo "2683"]
[TimeControl "180+2"]
[EndTime "14:02:46 PDT"]
[Termination "vlad_Sid won on time"]

1. c4 g6 2. g3 Bg7 3. Bg2 Nf6 4. Nc3 O-O 5. d3 d6 6. Nf3 e5 7. O-O c6 8. c5 Re8 9. cxd6 Qxd6 10. Nd2 Be6 11. a3 Nbd7 12. Rb1 a5 13. Nde4 Qc7 14. b4 axb4 15. axb4 Nxe4 16. Nxe4 Ba2 17. Rb2 Bd5 18. Be3 f5 19. Nc5 f4 20. Bd2 Bxg2 21. Kxg2 e4 22. Bxf4 Qc8 23. Nxe4 Nb6 24. Nd6 Qe6 25. Nxe8 Rxe8 26.
Rc2 Nd5 27. Qd2 Qg4 28. f3 Rxe2+ 29. Qxe2 Nxf4+ 30. Kh1 Qh3 31. gxf4 1-0

[Event "*** Titled Tuesday Blitz"]
[Site "Chess.com"]
[Date "2019.08.06"]
[Round "5"]
[White "julinha97"]
[Black "WeAintSurePal"]
[Result "0-1"]
[WhiteElo "2224"]
[BlackElo "2315"]
[TimeControl "180+2"]
[EndTime "14:02:55 PDT"]
[Termination "WeAintSurePal won by resignation"]

1. e4 c6 2. d4 d5 3. exd5 cxd5 4. c4 Nf6 5. Nc3 g6 6. Qb3 Nc6 7. cxd5 Na5 8. Qa4+ Bd7 9. Bb5 Bg7 10. b4 Rc8 11.
bxa5 Rxc3 12. Nf3 O-O 13. Bd2 Rc8 14. O-O Bg4 15. Ne5 Bf5 16. d6 exd6 17. Nf3 Ne4 18. Bf4 a6 19. Bd3 Nc3 20. Qc2 Nd5 21. Qd2 Bxd3 22.
Bg5 f6 23. Qxd3 fxg5 24. Qb3 Rf5 25. g4 Rc3 26. Qxb7 Rfxf3 27. Qxd5+ Kh8 28. Rab1 Rf4 29. h3 Rxh3 30. Kg2 Rd3 31. f3 Rfxd4 32. Qf7 Rd2+ 33.
Kg1 Rf4 34. Qa7 Bd4+ 0-1